 Dungeon Crawl Stone Soup version 0.31-a0-925-g0a390f2509 (webtiles) character file.

Game seed: 8532814201178207094

238066 grtsk the Conqueror (level 18, 0/200 HPs)
             Began as a Minotaur Berserker on Oct 19, 2023.
             Was a High Priest of Trog.
             Killed by divine providence
             ... invoked by a daeva
              (11 damage)
             ... on level 1 of the Elven Halls.
             The game lasted 02:09:03 (31896 turns).

grtsk the Conqueror (Minotaur Berserker)           Turns: 31896, Time: 02:09:04

Health: 0/200      AC: 26    Str: 38    XL:     18   Next: 55%
Magic:  17/17      EV: 14    Int:  5    God:    Trog [*****.]
Gold:   596        SH: 20    Dex:  9    Spells: 17/17 levels left

rFire   + + +        X - +4 broad axe (heavy)
rCold   + . .        Y - +5 tower shield
rNeg    . . .        T - +4 chain mail {rF+}
rPois   +            m - +3 crown of Dyrovepreva {rElec Int+2 SInv}
rElec   +            U - +2 cloak
rCorr   +            v - +0 pair of gloves "Kejiesm" {rPois rF+ Will-}
SInv    +            c - +2 pair of boots
Will    .....        f - amulet of Tehodad {RegenMP rPois rF+ rC+} Stlth
                     P - +5 ring of evasion
HPRegen 0.53/turn    g - ring "Nayp Cuc" {rCorr Str+4}
MPRegen 0.55/turn

%: no passive effects
@: no status effects
A: horns 2, retaliatory headbutt, strong 1
}: 2/15 runes: decaying, serpentine
a: Renounce Religion, Berserk, Trog's Hand, Brothers in Arms


You were on level 1 of the Elven Halls.
You worshipped Trog.
Trog was extremely pleased with you.
You visited 6 branches of the dungeon, and saw 31 of its levels.
You visited the Abyss 1 time.
You also visited: Gauntlet and Volcano.

You collected 3796 gold pieces.
You spent 3200 gold pieces at shops.

Inventory:

Hand Weapons
 a - a +4 broad axe of flaming
 j - a +1 lajatang of distortion
 s - the +10 mace of the Ghost {elec, Fly rF+}
   (You took it off a gnoll on level 8 of the Dungeon)

   rF+:       It protects you from fire.
   Fly:       It grants you flight.
 X - a +4 heavy broad axe (weapon)
Missiles
 t - 2 throwing nets
 D - 13 curare-tipped darts
 L - 17 javelins
 Z - 5 darts of dispersal
Armour
 c - a +2 pair of boots (worn)
 m - the +3 crown of Dyrovepreva (worn) {rElec Int+2 SInv}
   (You bought it in a shop on level 2 of the Orcish Mines)

   Int+2:     It affects your intelligence (+2).
   rElec:     It insulates you from electricity.
   SInv:      It lets you see invisible.
 v - the +0 pair of gloves "Kejiesm" (worn) {rPois rF+ Will-}
   (You found it on level 5 of the Dungeon)

   rF+:       It protects you from fire.
   rPois:     It protects you from poison Will-: It decreases your willpower.
 T - a +4 chain mail of fire resistance (worn)
 U - a +2 cloak (worn)
 Y - a +5 tower shield (worn)
Jewellery
 f - the amulet of Tehodad (around neck) {RegenMP rPois rF+ rC+}
   (You acquired it on level 2 of the Dungeon)

   [amulet of magic regeneration]

   RegenMP:   It increases your rate of magic regeneration.
   rF+:       It protects you from fire.
   rC+:       It protects you from cold.
   rPois:     It protects you from poison
 g - the ring "Nayp Cuc" (right hand) {rCorr Str+4}
   (You acquired it on level 2 of the Dungeon)

   [ring of resist corrosion]

   Str+4:     It affects your strength (+4).
   rCorr:     It protects you from acid and corrosion.
 q - a ring of resist corrosion
 F - a +4 ring of protection
 G - a ring of see invisible
 P - a +5 ring of evasion (left hand)
Wands
 i - a wand of iceblast (15)
 o - a wand of paralysis (33)
 x - a wand of polymorph (5)
 y - a wand of mindburst (16)
 A - a wand of flame (8)
Scrolls
 b - 2 scrolls of revelation
 e - 5 scrolls of blinking
 p - 4 scrolls of fear
 r - a scroll of summoning {unknown}
 C - a scroll of enchant armour
 K - 8 scrolls of teleportation
 M - a scroll of silence {unknown}
 V - a scroll of enchant weapon
Potions
 d - 3 potions of might
 h - 2 potions of invisibility
 k - 10 potions of curing
 l - 4 potions of haste
 n - 2 potions of attraction {unknown}
 w - a potion of ambrosia {unknown}
 z - 18 potions of degeneration
 B - 4 potions of magic
 H - a potion of mutation {unknown}
 I - 2 potions of resistance
 J - 4 potions of heal wounds
 N - a potion of brilliance {unknown}
 O - 3 potions of enlightenment
 W - 2 potions of cancellation {unknown}
Miscellaneous
 u - a phial of floods
 E - a lightning rod (1/4) (quivered)


   Skills:
 O Level 27 Fighting
 - Level 16.7(18.0) Axes
 - Level 11.0(15.1) Maces & Flails
 - Level 10.0 Armour
 - Level 3.0 Dodging
 - Level 10.0 Shields
 * Level 14.5 Evocations


You had 17 spell levels left.
You didn't know any spells.
Your spell library was empty.

Dungeon Overview and Level Annotations

Branches:
Dungeon (15/15)            Temple (0/1) D:4            Lair (5/5) D:8
  Swamp (4/4) Lair:3        Snake (4/4) Lair:2        Slime (0/5) Lair:5
    Orc (2/2) D:10            Elf (1/3) Orc:2        Vaults (0/5) D:13
 Depths (0/4) D:15        Volcano (visited)         Gauntlet (visited)

Altars:
Ashenzari
Dithmenos
Fedhas
Kikubaaqudgha
Makhleb
Ru
Uskayaw
Wu Jian

Shops:
D:1 :   D:2 *((   D:3 (   D:10 (   D:12 ?   D:13 [   D:14 (   Orc:1 :
Orc:2 **[   Snake:2 ?:=   Snake:3 =:=   Snake:4 [[?[

Portals:
Trove: Elf:1 (give short sword of Tutyurial)


Innate Abilities, Weirdness & Mutations

You have a pair of horns on your head.
You reflexively headbutt those who attack you in melee.
Your muscles are strong. (Str +4, Int/Dex -1)


Message History

The daeva blocks your attack.
The daeva is moderately wounded.
You block the daeva's attack.
The daeva hits you with a +3 scimitar of holy wrath.
* * * LOW HITPOINT WARNING * * *
A soul eater comes into view.
The daeva calls down the wrath of the Shining One upon you.
The Shining One smites you!
* * * LOW HITPOINT WARNING * * *
The soul eater attacks as it pursues you!
The soul eater misses you. The daeva attacks as it pursues you!
The daeva hits you with a +3 scimitar of holy wrath.
* * * LOW HITPOINT WARNING * * *
You block the daeva's attack. The daeva attacks as it pursues you!
You block the daeva's attack. x2
There is a gateway leading out of the Abyss here.
You block the daeva's attack. x2
You pass through the gate.
Welcome back to the Elven Halls!
The deep elf knight gestures at you while chanting.
You block the shard of ice. The daeva hits you but does no damage.
The daeva hits you with a +3 scimitar of holy wrath!
* * * LOW HITPOINT WARNING * * *
The deep elf knight mumbles some strange words.
The deep elf knight seems to speed up.
The daeva calls down the wrath of the Shining One upon you.
The Shining One smites you!
* * * LOW HITPOINT WARNING * * *
There is an open door here.
Blink to where?
Press: ? - help, Dir - move target
As you read the scroll of blinking, it crumbles to dust.
There is an open door here.
You close the door.
A daeva breaks down the door.
The daeva calls down the wrath of the Shining One upon you.
The Shining One smites you!
You die...

#+###..# #.......#
#...... ##.#
#......## #.).... #.#
#......# #####......
##.# #......#
#..A'A.e... #.)#
#......###e###.....#
#..###......'Ae.#
#######
#....+......#####
#[####......# #[#
#..@...# ### #[#
#......# ..## #)#
#......#
...######.####......#
...>+........'.....##
....####..####.[..##
...## ##.# ##<.##
..#### #.# ####
.....# #.# ##. ##


You could see a daeva.

Vanquished Creatures
  A bone dragon (Abyss:3)
  Frances (D:14)
  A thorn hunter (Swamp:4)
  Gastronok (D:12)
  Kirke (Elf:1)
  A tentacled starspawn (Abyss:3)
  Agnes (Elf:1)
  6 nagarajas (Snake:4)
  A fenstrider witch (Swamp:1)
  A red draconian (Volcano)
  A deep elf demonologist (Elf:1)
  An eleionoma (Swamp:1)
  A minotaur (Gauntlet)
  5 bunyips
  A dire elephant (Lair:2)
  23 hydras
  A rakshasa (D:15)
  5 vault guards (D:13)
  A salamander tyrant (Snake:2)
  4 ogre magi (Orc:2)
  4 dancing weapons (Elf:1)
  8 alligators
  3 boulder beetles
  A death knight (D:15)
  5 centaur warriors
  17 two-headed ogres
  2 deep troll earth magi
  9 anacondas
  Urug (Lair:1)
  13 naga warriors
  3 shock serpents
  2 thrashing horrors
  2 tengu warriors
  4 death yaks (Lair:3)
  13 naga sharpshooters
  4 deep elf knights (Elf:1)
  2 salamander mystics
  2 goliath frogs (Swamp:1)
  A shadow demon (Abyss:3)
  9 sea snakes (Snake:4)
  5 naga ritualists (Snake:1)
  3 bog bodies
  5 deep elf archers (Elf:1)
  Pikel (D:4)
  9 swamp dragons
  8 deep elf zephyrmancers (Elf:1)
  A glowing orange brain (Abyss:3)
  11 mana vipers
  11 deep elf pyromancers
  12 ugly things
  2 large abominations (Abyss:3)
  16 salamanders
  2 orc sorcerers
  4 cyclopes
  4 manticores
  5 will-o-the-wisps
  A wolf spider (D:15)
  28 elephants
  An oklob plant (Lair:5)
  Joseph (D:7)
  2 molten gargoyles (Volcano)
  3 worldbinders
  32 black mambas
  17 naga magi
  6 guardian serpents
  Maggie (D:8)
  A cane toad (shapeshifter) (D:13)
  3 gargoyles
  7 cane toads
  An unseen horror (D:11)
  2 kobold demonologists
  A yaktaur (Volcano)
  An efreet (Abyss:3)
  3 komodo dragons
  5 rime drakes
  2 ice devils (Lair:3)
  An ancient zyme (Abyss:3)
  3 tengu conjurers (D:15)
  9 hornets
  8 polar bears
  A polar bear (shapeshifter) (D:15)
  A wind drake (shapeshifter) (D:15)
  10 tyrant leeches
  4 trolls
  10 dream sheep (Lair:4)
  16 blink frogs
  3 raiju (Abyss:3)
  2 air elementals (Elf:1)
  12 slime creatures
  A centaur simulacrum (D:15)
  15 spriggans
  A vampire (D:12)
  2 shadows (D:11)
  7 wyverns
  6 humans (D:13)
  3 water elementals (Elf:1)
  5 fire bats
  4 hogs (Elf:1)
  15 starcursed masses (Abyss:3)
  A fire elemental (Elf:1)
  6 wraiths
  24 yaks
  2 chaos spawn (Abyss:3)
  6 basilisks
  A steam dragon (D:6)
  15 vampire mosquitoes
  A neqoxec (Abyss:3)
  5 wargs
  13 swamp worms
  44 nagas
  23 water moccasins
  4 acid dragons
  3 small abominations
  8 ice beasts
  6 swamp drakes (Swamp:4)
  16 orc warriors
  6 black bears
  29 ogres
  34 wolves
  8 boggarts
  7 centaurs
  7 kobold brigands
  4 scorpions
  2 earth elementals
  8 bullfrogs
  2 gnoll sergeants
  5 wights
  3 killer bees
  10 orc priests
  2 quasits (Abyss:3)
  6 lava snakes (Volcano)
  A hound (D:6)
  2 jellies (Lair:5)
  2 gnoll boudas
  3 iguanas
  20 orc wizards
  10 adders
  19 gnolls
  A shadow imp (D:7)
  3 white imps
  3 ufetubi
  6 worms
  7 dart slugs
  57 orcs
  19 endoplasms
  4 giant cockroaches
  8 goblins
  10 hobgoblins
  6 ball pythons
  4 bats
  25 kobolds
  5 rats
1045 creatures vanquished.

Vanquished Creatures (collateral kills)
  A nagaraja (Snake:4)
  Maurice (Orc:1)
  A warg (Orc:1)
  A naga (Snake:4)
  2 orc warriors (Orc:1)
  An ogre (Orc:1)
  An orc priest (Orc:1)
  An orc wizard (Orc:1)
  2 orcs (Orc:1)
11 creatures vanquished.

Vanquished Creatures (others)
  2 deep elf knights (Elf:1)
  A spriggan druid (Swamp:4)
  A human (D:13)
  28 foxfires
  A starspawn tentacle (Abyss:3)
33 creatures vanquished.

Grand Total: 1089 creatures vanquished

Notes
Turn   | Place    | Note
-------+----------+-------------------------------------------
     0 | D:1      | grtsk the Minotaur Berserker began the quest for the Orb.
     0 | D:1      | Reached XP level 1. HP: 19/19 MP: 0/0
   122 | D:1      | Reached XP level 2. HP: 27/27 MP: 1/1
   191 | D:1      | Found a faded altar of an unknown god.
   501 | D:1      | Reached XP level 3. HP: 33/33 MP: 2/2
   621 | D:1      | Reached skill level 4 in Fighting
   637 | D:1      | Found Ujul's Book Emporium.
   658 | D:2      | Found Vutecaru's Antique Weapon Emporium.
   679 | D:2      | Reached ** piety under Trog
   985 | D:2      | Found Qiten's Weapon Boutique.
   999 | D:2      | Reached XP level 4. HP: 40/40 MP: 3/3
  1025 | D:2      | Found Losch's General Store.
  1326 | D:3      | Reached skill level 5 in Axes
  1343 | D:3      | Found Exagiv's Antique Weapon Boutique.
  2031 | D:4      | Reached XP level 5. HP: 47/47 MP: 4/4
  2057 | D:4      | Reached skill level 5 in Fighting
  2176 | D:4      | Noticed a wyvern
  2179 | D:4      | Killed a wyvern
  2180 | D:4      | Reached XP level 6. HP: 56/56 MP: 5/5
  2229 | D:4      | Noticed Pikel
  2240 | D:4      | Killed Pikel
  2241 | D:4      | Reached skill level 6 in Fighting
  2241 | D:4      | Reached XP level 7. HP: 64/64 MP: 6/6
  2309 | D:4      | Reached skill level 7 in Fighting
  2649 | D:4      | Reached *** piety under Trog
  2698 | D:4      | Found a staircase to the Ecumenical Temple.
  2853 | D:5      | Entered Level 5 of the Dungeon
  2867 | D:5      | Reached XP level 8. HP: 54/73 MP: 7/7
  3050 | D:5      | Reached skill level 10 in Axes
  3068 | D:5      | Identified the +0 pair of gloves "Kejiesm" {rPois rF+
                  | Will-}
  3112 | D:5      | Reached skill level 8 in Fighting
  3174 | D:5      | Found a blossoming altar of Fedhas.
  3180 | D:5      | Found a burning altar of Makhleb.
  3188 | D:5      | Found a hide-covered altar of Uskayaw.
  3543 | D:5      | Found a sacrificial altar of Ru.
  3938 | D:6      | Reached XP level 9. HP: 82/82 MP: 8/8
  4183 | D:6      | Reached skill level 9 in Fighting
  4319 | D:6      | You are sucked into a shaft and drop 1 floor!
  4646 | D:7      | Noticed Joseph
  4655 | D:7      | Killed Joseph
  4656 | D:7      | Reached skill level 10 in Fighting
  4916 | D:7      | Found a shadowy altar of Dithmenos.
  5603 | D:8      | Reached **** piety under Trog
  5723 | D:8      | Reached XP level 10. HP: 87/94 MP: 9/9
  5769 | D:8      | Reached skill level 11 in Fighting
  5970 | D:8      | Reached skill level 12 in Fighting
  6199 | D:8      | Found a staircase to the Lair.
  6267 | D:8      | Identified the +10 mace of the Ghost {elec, Fly rF+}
  6333 | D:8      | Reached skill level 1 in Maces & Flails
  6477 | D:8      | Noticed Maggie
  6486 | D:8      | Killed Maggie
  6976 | D:9      | Reached skill level 13 in Fighting
  7032 | D:9      | Noticed a gargoyle
  7040 | D:9      | Killed a gargoyle
  7041 | D:9      | Reached skill level 5 in Maces & Flails
  7584 | D:9      | Found a broken altar of Ashenzari.
  7602 | D:9      | Noticed a two-headed ogre
  7608 | D:9      | Killed a two-headed ogre
  7609 | D:9      | Reached XP level 11. HP: 107/107 MP: 10/10
  7791 | D:9      | Found an ornate altar of the Wu Jian Council.
  8297 | D:10     | Identified the "Vifigg"
  8297 | D:10     | Entered Level 10 of the Dungeon
  8556 | D:10     | Found Docaf's Antique Weapon Shop.
  8632 | D:10     | Found a staircase to the Orcish Mines.
  9167 | Lair:1   | Entered Level 1 of the Lair of Beasts
  9182 | Lair:1   | Reached skill level 14 in Fighting
  9195 | Lair:1   | Reached ***** piety under Trog
  9358 | Lair:1   | Reached skill level 10 in Maces & Flails
  9822 | Lair:1   | Noticed Urug
  9830 | Lair:1   | Killed Urug
 10490 | Lair:2   | Reached skill level 15 in Fighting
 10546 | Lair:2   | Reached XP level 12. HP: 110/121 MP: 11/11
 10547 | Lair:2   | Noticed a dire elephant
 10577 | Lair:2   | Killed a dire elephant
 10578 | Lair:2   | Reached skill level 16 in Fighting
 11073 | Lair:2   | Found a staircase to the Snake Pit.
 11118 | Lair:2   | Reached skill level 17 in Fighting
 11623 | Lair:2   | Reached skill level 18 in Fighting
 11834 | Lair:3   | Noticed a six-headed hydra
 11834 | Lair:3   | Noticed a death yak
 11834 | Lair:3   | Noticed a death yak
 12182 | Lair:3   | Found a gate leading to a gauntlet.
 12191 | Gauntlet | Entered a Gauntlet
 12191 | Gauntlet | Found a runed translucent door.
 12191 | Gauntlet | Found a transporter.
 12191 | Gauntlet | Found a runed translucent door.
 12191 | Gauntlet | Found a transporter.
 12217 | Gauntlet | Found a transporter.
 12220 | Gauntlet | Found a transporter.
 12228 | Gauntlet | Found a transporter.
 12232 | Gauntlet | Found a transporter.
 12239 | Gauntlet | Noticed an eight-headed hydra
 12240 | Gauntlet | Found a transporter.
 12259 | Gauntlet | Found a runed translucent gate.
 12260 | Gauntlet | Found a transporter.
 12260 | Gauntlet | Found a runed translucent gate.
 12261 | Gauntlet | Found a runed translucent gate.
 12277 | Gauntlet | Found a transporter.
 12281 | Gauntlet | Found a transporter.
 12282 | Gauntlet | Found a runed translucent door.
 12293 | Gauntlet | Found a transporter.
 12294 | Gauntlet | Found a transporter.
 12344 | Gauntlet | Reached skill level 19 in Fighting
 12428 | Gauntlet | Noticed a white very ugly thing
 12428 | Gauntlet | Noticed a red very ugly thing
 12436 | Gauntlet | Noticed a brown very ugly thing
 12437 | Gauntlet | Noticed an ironbound thunderhulk
 12437 | Gauntlet | Noticed an ironbound thunderhulk
 12442 | Gauntlet | Noticed a red very ugly thing
 12459 | Gauntlet | Identified the +1 pair of boots of the Lobster {Contam
                  | Int+3}
 12545 | Gauntlet | Identified the +9 shortbow of Uxkottie {drain, Contam rPois
                  | rC++ rN+}
 12545 | Gauntlet | Noticed a minotaur
 12558 | Gauntlet | Killed a minotaur
 12559 | Gauntlet | Reached XP level 13. HP: 132/138 MP: 12/12
 12890 | Lair:3   | You are sucked into a shaft and drop 1 floor!
 12921 | Lair:4   | Reached skill level 20 in Fighting
 12945 | Lair:4   | Received a gift from Trog
 13401 | Lair:3   | Found a staircase to the Swamp.
 13615 | Lair:3   | Reached skill level 15 in Axes
 14692 | Lair:5   | Entered Level 5 of the Lair of Beasts
 14741 | Lair:5   | Reached skill level 21 in Fighting
 15146 | Lair:5   | Reached XP level 14. HP: 139/151 MP: 13/13
 15576 | Lair:5   | Received a gift from Trog
 15837 | Lair:5   | Found a staircase to the Slime Pits.
 16522 | Orc:1    | Entered Level 1 of the Orcish Mines
 16575 | Orc:1    | Noticed Maurice
 16583 | Orc:1    | Killed Maurice
 16584 | Orc:1    | Reached skill level 22 in Fighting
 16590 | Orc:1    | Found Irghunge's Book Shoppe.
 16590 | Orc:1    | Noticed a walking earthen tome
 16590 | Orc:1    | Noticed a walking crystal tome
 16612 | Orc:1    | Found a dark tunnel.
 16621 | Volcano  | Entered a volcano
 16944 | Volcano  | Found a radiant altar of Vehumet.
 17734 | D:11     | Reached skill level 23 in Fighting
 17939 | D:11     | Identified the +7 halberd "Jiracy" {freeze, rF+ rC- Will++
                  | Int+2}
 18677 | D:12     | Noticed Gastronok
 18687 | D:12     | Killed Gastronok
 18687 | D:12     | Received a gift from Trog
 19149 | D:12     | Found Oplig's Magic Scroll Shoppe.
 19158 | D:12     | Bought a scroll of brand weapon for 152 gold pieces
 19752 | D:13     | Reached skill level 24 in Fighting
 20059 | D:13     | Reached skill level 1 in Shields
 20170 | D:13     | Found Xogus's Armour Boutique.
 20174 | D:13     | Bought a +0 tower shield for 58 gold pieces
 20256 | D:13     | Reached XP level 15. HP: 160/166 MP: 14/14
 20308 | D:13     | Found a gate to the Vaults.
 20511 | D:14     | Found the +10 Black Knight's barding {ponderous, rPois rN+}
 20523 | D:14     | Noticed Frances
 20532 | D:14     | Killed Frances
 20533 | D:14     | Reached skill level 5 in Armour
 20718 | D:14     | Found Tomnoic's Weapon Shoppe.
 20728 | D:14     | Bought 5 darts of dispersal for 54 gold pieces
 20771 | D:14     | Reached skill level 5 in Shields
 20792 | D:14     | Identified the +4 war axe "Aloughuwn" {flame, rElec rF- rN+
                  | Will+++} (Trog gifted it to you on level 14 of the Dungeon)
 20792 | D:14     | Received a gift from Trog
 20978 | D:15     | Entered Level 15 of the Dungeon
 21359 | D:15     | Found a staircase to the Depths.
 22965 | D:2      | Bought a scroll of acquirement for 728 gold pieces
 22965 | D:2      | Bought a scroll of acquirement for 728 gold pieces
 22966 | D:2      | Acquired the amulet of Tehodad {RegenMP rPois rF+ rC+}
 22967 | D:2      | Acquired 825 gold pieces
 22968 | D:2      | Acquired the ring "Nayp Cuc" {rCorr Str+4}
 23276 | Orc:2    | Entered Level 2 of the Orcish Mines
 23345 | Orc:2    | Found a staircase to the Elven Halls.
 23604 | Orc:2    | Paralysed by an ogre mage for 5 turns
 23698 | Orc:2    | Paralysed by an ogre mage for 2 turns
 23722 | Orc:2    | Found Ciheamp's Antique Armour Emporium.
 23722 | Orc:2    | Found Bobiethaocs's Assorted Antiques.
 23723 | Orc:2    | Found Loekh's Armour Shop.
 23723 | Orc:2    | Found Lullol's Assorted Antiques.
 23733 | Orc:2    | Reached XP level 16. HP: 177/177 MP: 15/15
 23743 | Orc:2    | Bought a scroll of identify for 62 gold pieces
 23743 | Orc:2    | Bought the +3 crown of Dyrovepreva {rElec Int+2 SInv} for
                  | 1283 gold pieces
 23743 | Orc:2    | Found the +3 crown of Dyrovepreva {rElec Int+2 SInv}
 24258 | Snake:1  | Entered Level 1 of the Snake Pit
 24276 | Snake:1  | Reached skill level 1 in Evocations
 24280 | Snake:1  | Reached skill level 10 in Armour
 24286 | Snake:1  | Received a gift from Trog
 24423 | Snake:1  | Reached skill level 10 in Shields
 24756 | Snake:1  | Reached skill level 25 in Fighting
 24765 | Snake:1  | Reached skill level 5 in Evocations
 24892 | Snake:1  | Identified the +4 scimitar of Qis Xon {elec, Contam rF+
                  | Int+3}
 25263 | Snake:2  | Found Pufuv's Magic Scroll Shop.
 25265 | Snake:2  | Found Levem's Book Boutique.
 25267 | Snake:2  | Found Ipatruu's Jewellery Shop.
 25271 | Snake:2  | Bought a scroll of enchant armour for 135 gold pieces
 26322 | Snake:3  | Found Guefyph's Jewellery Boutique.
 26322 | Snake:3  | Found Uguren's Book Shoppe.
 26323 | Snake:3  | Found Pugge's Jewellery Boutique.
 26692 | Snake:4  | Entered Level 4 of the Snake Pit
 26708 | Snake:4  | Reached XP level 17. HP: 171/187 MP: 16/16
 26748 | Snake:4  | Found Suomugar's Armour Shoppe.
 26749 | Snake:4  | Found Lorig's Armour Emporium.
 26749 | Snake:4  | Found Diuffuett's Armour Shoppe.
 26752 | Snake:4  | Found Anog's Magic Scroll Emporium.
 26815 | Snake:4  | Identified the +8 rapier of Mastery {flame, rF+ rCorr MP+9}
 27100 | Snake:4  | Reached skill level 10 in Evocations
 27112 | Snake:4  | Reached skill level 26 in Fighting
 27115 | Snake:4  | Received a gift from Trog
 27471 | Snake:4  | Got a serpentine rune of Zot
 27734 | Swamp:1  | Entered Level 1 of the Swamp
 27889 | Swamp:1  | Paralysed by a fenstrider witch for 3 turns
 28819 | Swamp:2  | Identified the +7 whip "Wodad" {venom, rN+ Int+4}
 29347 | Swamp:4  | Entered Level 4 of the Swamp
 29726 | Swamp:4  | Reached XP level 18. HP: 130/199 MP: 17/17
 30157 | Swamp:4  | Got a decaying rune of Zot
 30377 | Desolati | Identified the "Xiti"
 30377 | Vaults:5 | Identified the of Teyf
 30377 | Crypt:3  | Identified the of Rocot
 30377 | Depths:2 | Identified the "Hitwo"
 30377 | Depths:2 | Identified the of Xife
 30377 | Depths:2 | Identified the of Hataum
 30377 | Elf:1    | Entered Level 1 of the Elven Halls
 30377 | Elf:1    | Noticed Agnes
 30387 | Elf:1    | Killed Agnes
 30544 | Elf:1    | Noticed Kirke
 30554 | Elf:1    | Killed Kirke
 30808 | Elf:1    | Reached skill level 27 in Fighting
 30826 | Elf:1    | Received a gift from Trog
 30827 | Elf:1    | Paralysed by an air elemental for 1 turns
 30831 | Elf:1    | Paralysed by an air elemental for 1 turns
 30993 | Elf:1    | Found an ancient bone altar of Kikubaaqudgha.
 31065 | Elf:1    | Found a portal to a secret trove of treasure.
 31593 | Abyss:3  | Cast into level 3 of the Abyss (a deep elf sorcerer)
 31691 | Abyss:3  | Noticed a bone dragon
 31706 | Abyss:3  | Paralysed by accursed screaming for 1 turns
 31721 | Abyss:3  | Killed a bone dragon
 31872 | Abyss:3  | Gained mutation: Your muscles are strong. (Str +4, Int/Dex
                  | -1) [a neqoxec]
 31884 | Elf:1    | Escaped the Abyss
 31887 | Elf:1    | HP: 6/200 [daeva/divine providence (10)]
 31896 | Elf:1    | Killed from afar by a daeva

Illustrated notes

Levels and vault maps discovered:
D:1:      minmay_arrival_shoal_huts, layout_basic, serial_shops,
          nicolae_shop_back_alley_shop, chequers_ecumenical_altar_simple,
          minmay_octomino_c4
D:2:      layout_rooms, serial_shops, nicolae_shop_stone,
          nicolae_shop_waterfront, shop
D:3:      layout_loops_ring, serial_shops, shop
D:4:      layout_basic, temple_hall, uniq_pikel
D:5:      layout_rooms, minmay_overflow_temple_star_quad, marbit_many_paths,
          minivault_24
D:6:      layout_basic, minmay_starry_boxes
D:7:      layout_cave_pools, mainiacjoe_overflow_alcove_4, enter_bailey_7,
          kennysheep_generic_room_16, uniq_joseph
D:8:      layout_gridville, hellmonk_lair_entry_icy, hex_large, uniq_maggie
D:9:      layout_layer_cave, lemuel_doored_altar, kennysheep_mini_moat
D:10:     layout_cave_pools, orc_0_dummy, kennysheep_windowed_goal
D:11:     nzn_winding_woodlands_cross [nzn_winding_woodlands_5x15_zeroes,
          nzn_winding_woodlands_5x15_garden, nzn_winding_woodlands_5x15_cabin,
          nzn_winding_woodlands_5x15_concentric,
          nzn_winding_woodlands_15x15_five_gardens], layout_irregular_city
D:12:     layout_stronghold, serial_shops, shop, minmay_misc_feat_enclosed,
          uniq_gastronok
D:13:     layout_loops_ring, ximxim_vaults_locker_room, serial_shops,
          nicolae_shop_back_alley_shop
D:14:     layout_rooms, serial_shops, nicolae_shop_gibbet_a_chance,
          minivault_12, uniq_frances
D:15:     hellmonk_depths_entry_around_the_bend, layout_loops_corners,
          minivault_25
Lair:1:   layout_small_grid, serial_bayou_shore_b, uniq_urug
Lair:2:   mu_elephants_graveyard, layout_gridlike,
          minmay_snake_entry_six_corridors
Lair:3:   layout_gridlike, minmay_swamp_entry_wisps,
          portal_ice_cave_demonic_guard, gauntlet_entry_generic,
          grunt_megastairs_5, infiniplex_staircase_pool_2, lemuel_fruit_fields,
          lemuel_fruit_tree
Lair:4:   layout_long_grid, dreamdust_gnoll_shepherd
Lair:5:   minmay_lair_end_enchanted_forest, layout_loops_ring,
          nicolae_slime_entry_slimehenge
Swamp:1:  layout_basic_swamp, nicolae_swamp_round_clearing, swamp_pool2,
          infiniplex_staircase_pool
Swamp:2:  layout_basic_swamp, evilmike_swamp_ruin_house_1
Swamp:3:  layout_basic_swamp, evilmike_swamp_ruin_house_6
Swamp:4:  swamp_alternative, layout_basic_swamp
Snake:1:  layout_cave_shapes, grunt_megastairs_2
Snake:2:  layout_basic, corexii_hall_statues_t, minmay_shop_star
Snake:3:  layout_gridlike, drop_trap, grunt_megastairs_4, minmay_shop_grove
Snake:4:  grunt_snake_rune_pools, layout_gridlike, nicolae_snake_flat_spine,
          minmay_shoptagon, serial_bayou_shore_b, grunt_megastairs_1,
          serial_bayou_shore_a
Orc:1:    layout_caves, nicolae_volcano_entry_batcave, serial_shops,
          nicolae_shop_mannequins, basic_altar, uniq_maurice
Orc:2:    st_orc_ogre_mass, layout_diamond_mine
Elf:1:    layout_gridlike, enter_trove_3, basic_altar, minivault_28, laboratory,
          uniq_agnes, uniq_kirke

Skill      XL: |  1  2  3  4  5  6  7  8  9 10 11 12 13 14 15 16 17 18 |
---------------+-------------------------------------------------------+-----
Axes           | 4 5 7 8 9 11 14 16 | 16.7
Armour         | 3 9 10 | 10.0
Fighting       | 4 5 6 7 8 10 13 15 19 21 24 25 26 27 | 27.0
Dodging        | 3 |  3.0
Maces & Flails | 6 11 | 11.0
Shields        | 2 9 10 | 10.0
Evocations     | 8 12 14 | 14.5

Action                     |  1- 3 |  4- 6 |  7- 9 | 10-12 | 13-15 | 16-18 || total
---------------------------+-------+-------+-------+-------+-------+-------++-------
  Melee: Hand axe          |    97 |    89 |   240 |       |       |       ||   426
         Headbutt          |     9 |    15 |    57 |   104 |   175 |   175 ||   535
         Punch             |     2 |     1 |     4 |       |       |       ||     7
         Broad axe         |       |       |    26 |    63 |   719 |   596 ||  1404
         Mace              |       |       |       |   392 |    67 |   226 ||   685
  Throw: Dart              |       |       |       |     1 |       |       ||     1
 Invoke: Berserk           |       |     3 |    11 |    15 |    10 |     2 ||    41
         Trog's Hand       |       |       |       |     2 |    16 |    39 ||    57
         Brothers in Arms  |       |       |       |       |     1 |     1 ||     2
  Evoke: Wand              |       |       |       |    12 |     9 |     6 ||    27
         Lightning rod     |       |       |       |       |     6 |    15 ||    21
    Use: Scroll            |       |       |       |    12 |    23 |     9 ||    44
         Potion            |       |       |       |       |       |     2 ||     2
   Stab: Confused          |       |       |       |       |       |     2 ||     2
         Distracted        |       |       |       |       |       |     1 ||     1
 Armour: Plate armour      |    75 |    51 |   216 |   354 |   256 |       ||   952
         Chain mail        |       |       |       |       |   233 |   705 ||   938
  Dodge: Dodged            |    35 |    29 |    91 |   190 |   303 |   416 ||  1064
  Block: Kite shield       |       |       |       |   210 |   233 |       ||   443
         Tower shield      |       |       |       |       |   126 |  1019 ||  1145

Table legend: (Time is in decaauts)
 A = Elapsed time spent in this place.
 B = Non-inter-level travel time spent in this place.
 C = Inter-level travel time spent in this place.
 D = Time resting spent in this place.
 E = Time spent auto-exploring this place.
 F = Levels seen in this place.
 G = Mean time per level.
                   A        B        C        D        E       F      G
               +--------+--------+--------+--------+--------+-----+--------+
         Total |  32158 |  29554 |   2604 |   6228 |  17246 |  34 |  945.8 |
       Dungeon |  15825 |  14219 |   1606 |   2261 |   9748 |  15 | 1055.0 |
          Lair |   6797 |   6414 |    383 |   1941 |   3356 |   5 | 1359.4 |
         Swamp |   2481 |   2394 |     87 |    860 |    981 |   4 |  620.2 |
     Snake Pit |   3497 |   3365 |    132 |    706 |   1662 |   4 |  874.2 |
  Orcish Mines |   1447 |   1141 |    306 |     31 |    744 |   2 |  723.5 |
   Elven Halls |    800 |    712 |     88 |    190 |    332 |   1 |  800.0 |
         Abyss |    282 |    282 |      0 |     69 |     33 |   1 |  282.0 |
       Volcano |    525 |    525 |      0 |     37 |    285 |   1 |  525.0 |
      Gauntlet |    502 |    502 |      0 |    131 |    105 |   1 |  502.0 |
               +--------+--------+--------+--------+--------+-----+--------+

Top non-repeatable levels by time:
    D:15: 1747 daAuts
     D:9: 1712 daAuts
  Lair:5: 1683 daAuts
     D:8: 1590 daAuts
  Lair:2: 1465 daAuts
  Lair:3: 1451 daAuts
  Lair:1: 1429 daAuts
 Snake:3: 1149 daAuts
    D:12: 1133 daAuts
    D:10: 1104 daAuts
     D:6: 1067 daAuts
 Swamp:1: 1015 daAuts
 Snake:1: 997 daAuts
     D:4: 983 daAuts
    D:11: 949 daAuts
